 Dungeon Crawl Stone Soup version 0.30-a0-937-ga0a21ad780 (webtiles) character file.

Game seed: 18053346036988511098

3544265 FexLirch the Victor of a Thousand Battles (level 27, 270/270 HPs)
             Began as a Hill Orc Reaver on Mar 22, 2023.
             Was the Champion of Okawaru.
             Escaped with the Orb
             ... and 5 runes on Mar 24, 2023!
             The game lasted 05:06:40 (60846 turns).

FexLirch the Victor of a Thousand Battles (HORe)   Turns: 60846, Time: 05:06:42

Health: 270/270    AC: 48    Str: 34    XL:     27
Magic:  49/49      EV: 17    Int: 21    God:    Okawaru [******]
Gold:   7538       SH:  0    Dex:  7    Spells: 7/34 levels left

rFire   . . .      SeeInvis +    e - +9 executioner's axe (heavy)
rCold   + + +      Faith    .    (shield currently unavailable)
rNeg    + + .      Spirit   .    F - +15 shadow dragon scales of Meghino {rPois Regen+ Str-2 Stlth++++}
rPois   +          Reflect  .    P - +1 helmet of Recklessness {Str+9 Stlth-}
rElec   +          Rampage  +    d - scarf of the Skies Above {+Inv, Rampage rC+ rCorr SInv}
rCorr   +                        t - +3 pair of gloves of Distant Worlds {*Slow rC+++ Will+++ Dex-3}
Will    +++++                    Y - +2 pair of slick slippers {slick, slippery, EV+5}
Stlth   +                        K - amulet of Vitality {RegenMP++ Regen++}
HPRegen 3.05/turn                o - ring of the Death Scarab {rElec rN++ MP+9 Int+4 Dex-5}
MPRegen 1.11/turn                A - ring of the Oligarchy {Int+2 Dex+6 Slay+4}

@: studying 2 skills
A: mutation resistance 1, subdued magic 1, MP-powered wands
0: Orb of Zot
}: 5/15 runes: serpentine, barnacled, slimy, silver, abyssal
a: Renounce Religion, Evoke Invisibility, Heroism, Finesse, Duel


You escaped.
You worshipped Okawaru.
Okawaru was exalted by your worship.
You visited 12 branches of the dungeon, and saw 56 of its levels.
You visited the Abyss 4 times.
You also visited: Trove, Sewer, Gauntlet, Ice Cave and Wizlab.

You collected 8788 gold pieces.
You spent 1250 gold pieces at shops.

Inventory:

Hand Weapons
 e - a +9 heavy executioner's axe (weapon)
 w - the +18 lance "Wyrmbane" {slay drac, rPois rF+ rC+ AC+3}
   (You found it in a wizard's laboratory)

   AC:        It affects your AC (+3).
   rF:        It protects you from fire.
   rC:        It protects you from cold.
   rPois:     It protects you from poison.
Missiles
 q - 35 boomerangs
 B - 25 silver javelins
 W - 4 throwing nets
Armour
 d - the scarf of the Skies Above (worn) {+Inv, Rampage rC+ rCorr SInv}
   (Okawaru gifted it to you on level 1 of the Abyss)

   rC:        It protects you from cold.
   SInv:      It lets you see invisible.
   rCorr:     It protects you from acid and corrosion.
   Rampage:   It bestows one free step when moving towards enemies.
 t - the +3 pair of gloves of Distant Worlds (worn) {*Slow rC+++ Will+++ Dex-3}
   (You found it on level 3 of the Elven Halls)

   Dex:       It affects your dexterity (-3).
   rC:        It renders you almost immune to cold.
   *Slow:     It may slow you when you take damage.
   Will:      It greatly increases your willpower.
 C - the +3 Mad Mage's Maulers {Infuse+∞ VampMP -Cast}
   (You bought it in a shop on level 1 of the Elven Halls)

   Infuse+∞: It empowers its wearer's blows with all of their magic.
   VampMP:    Blows struck in melee replenish the wearer's magic.
   -Cast:     It prevents spellcasting.
 F - the +15 shadow dragon scales of Meghino (worn) {rPois Regen+ Str-2 Stlth++++}
   (You took it off a deep elf blademaster on level 4 of the Depths)

   Str:       It affects your strength (-2).
   rPois:     It protects you from poison.
   Regen:     It increases your rate of health regeneration.
   Stlth:     It makes you much more stealthy.
 I - a +2 pair of boots of rampaging
 P - the +1 helmet of Recklessness (worn) {Str+9 Stlth-}
   (Okawaru gifted it to you in the Vestibule of Hell)

   Str:       It affects your strength (+9).
   Stlth:     It makes you less stealthy.
 X - the scarf of Hilesiti {rC+ rF+, Str+3}
   (You acquired it on level 2 of the Snake Pit)

   Str:       It affects your strength (+3).
 Y - the +2 pair of slick slippers (worn) {slick, slippery, EV+5}
   (Okawaru gifted it to you on level 2 of the Vaults)

   Slick:     Its wearer cannot be constricted, engulfed, netted or webbed.
   Slippery:  It slips away from damaging melee attacks, pulling the attacker
   onward.
   EV:        It affects your evasion (+5).
Jewellery
 a - the ring of Xom's Recklessness {rElec rN+ Will+ Dex-4}
   (You found it in a Gauntlet)

   [ring of positive energy]

   Dex:       It affects your dexterity (-4).
   rElec:     It insulates you from electricity.
   rN:        It protects you from negative energy.
   Will:      It increases your willpower.
 l - a ring of willpower
 o - the ring of the Death Scarab (left hand) {rElec rN++ MP+9 Int+4 Dex-5}
   (You took it off a deep elf elementalist on level 3 of the Elven Halls)

   [ring of magical power]

   Int:       It affects your intelligence (+4).
   Dex:       It affects your dexterity (-5).
   rElec:     It insulates you from electricity.
   rN:        It greatly protects you from negative energy.
   MP:        It affects your magic capacity (+9).
 A - the ring of the Oligarchy (right hand) {Int+2 Dex+6 Slay+4}
   (You took it off a hell knight on level 2 of the Depths)

   [ring of slaying]

   Int:       It affects your intelligence (+2).
   Dex:       It affects your dexterity (+6).
   Slay:      It affects your accuracy & damage with ranged weapons and melee
   (+4).
 K - the amulet of Vitality (around neck) {RegenMP++ Regen++}
   (You acquired it on level 1 of the Lair of Beasts)

   [amulet of magic regeneration]

   It increases your rate of magic regeneration.
   Regen:     It increases your rate of health regeneration.
 T - the ring of Hospitality {Fly rPois rF+ Will+}
   (You found it on level 5 of the Pits of Slime)

   [ring of protection from fire]

   rF:        It protects you from fire.
   rPois:     It protects you from poison.
   Fly:       It grants you flight.
   Will:      It increases your willpower.
Wands
 h - a wand of mindburst (65)
 i - a wand of paralysis (54)
 y - a wand of digging (12)
 E - a wand of iceblast (52)
 U - a wand of acid (29)
Scrolls
 c - 25 scrolls of teleportation
 m - 10 scrolls of magic mapping
 r - 7 scrolls of fear
 s - 15 scrolls of blinking
 u - 4 scrolls of silence
 x - 14 scrolls of fog
 G - 4 scrolls of torment
 L - a scroll of noise
 N - 12 scrolls of immolation
 S - 12 scrolls of vulnerability
Potions
 b - 2 potions of magic
 f - 9 potions of heal wounds
 g - 16 potions of flight
 j - 14 potions of brilliance
 n - 7 potions of mutation
 p - 29 potions of curing
 z - 5 potions of haste
 D - 6 potions of resistance
 H - 13 potions of lignification
 J - 2 potions of invisibility
 M - 5 potions of cancellation
 O - 3 potions of ambrosia
 R - a potion of berserk rage
 V - 7 potions of might
 Z - 2 potions of attraction
Miscellaneous
 k - a tin of tremorstones (2/2)
 v - a phial of floods
 Q - a lightning rod (4/4)


   Skills:
 + Level 26.5 Fighting
 - Level 26.0(27) Axes
 + Level 15.6(20.8) Polearms
 - Level 16.5 Throwing
 + Level 24.7 Armour
 + Level 10.1 Dodging
 - Level 4.1 Spellcasting
 - Level 3.0 Conjurations
 * Level 17.9 Translocations
 O Level 27 Invocations
 + Level 10.7 Evocations


You had 7 spell levels left.
You knew the following spells:

 Your Spells              Type           Power      Damage    Failure   Level
a - Kiss of Death         Conj/Necr      32%        2d7       11%         1
b - Momentum Strike       Conj/Tloc      74%        3d10      1%          2
c - Blink                 Tloc           100%       N/A       0%          2
d - Lesser Beckoning      Tloc           100%       N/A       0%          2
e - Manifold Assault      Tloc           57%        N/A       1%          4
f - Passage of Golubria   Tloc           57%        N/A       1%          4
g - Portal Projectile     Hex/Tloc       64%        N/A       1%          3
h - Dispersal             Tloc           28%        N/A       1%          6
i - Gell's Gravitas       Tloc           57%        N/A       1%          3

Your spell library contained the following spells:

 Spells                   Type           Power      Damage    Failure   Level
 Teleport Other           Tloc           57%        N/A       1%          3
 Iskenderun's Mystic Bla  Conj/Tloc      37%        2d9       2%          4
 Magic Dart               Conj           52%        1d5       5%          1
 Searing Ray              Conj           26%        2d5       9%          2
 Foxfire                  Conj/Fire      32%        2x1d5     11%         1
 Static Discharge         Conj/Air       16%        2-3/arc   16%         2
 Beastly Appendage        Tmut           6%         N/A       21%         1
 Necrotise                Necr           12%        1d4       21%         1
 Sandblast                Erth           6%         2d5       21%         1
 Slow                     Hex            12%        N/A       21%         1
 Sting                    Tmut/Pois      12%        1d3       21%         1
 Cigotuvi's Dreadful Rot  Necr/Pois/Air  6%         N/A       30%         2
 Ensorcelled Hibernation  Hex/Ice        6%         N/A       30%         2
 Passwall                 Tmut/Erth      2%         N/A       30%         2
 Poisonous Vapours        Pois/Air       6%         N/A       30%         2
 Wereblood                Tmut           3%         N/A       30%         2
 Dazzling Flash           Conj/Hex       16%        N/A       32%         3
 Hailstorm                Conj/Ice       8%         3d4       32%         3
 Stone Arrow              Conj/Erth      16%        3d8       32%         3
 Mephitic Cloud           Conj/Pois/Air  6%         N/A       38%         3
 Confusing Touch          Hex            3%         N/A       52%         3
 Frozen Ramparts          Ice            6%         1d1       52%         3
 Ignite Poison            Fire/Tmut/Pois 3%         N/A       52%         3
 Inner Flame              Hex/Fire       3%         N/A       52%         3
 Ozocubu's Armour         Ice            3%         N/A       52%         3
 Spider Form              Tmut/Pois      3%         N/A       52%         3
 Vampiric Draining        Necr           3%         2d6       52%         3
 Flame Wave               Conj/Fire      8%         2d5       73%         4
 Fulminant Prism          Conj/Hex       4%         3d5       73%         4
 Sticky Flame             Conj/Fire      8%         2d3       73%         4
 Iskenderun's Battlesphe  Conj           13%        2d7       86%         5
 Airstrike                Air            1%         2d(1-17)  91%         4
 Cause Fear               Hex            1%         N/A       91%         4
 Dispel Undead            Necr           3%         3d7       91%         4
 Ice Form                 Ice/Tmut       3%         N/A       91%         4
 Leda's Liquefaction      Hex/Erth       1%         N/A       91%         4
 Olgreb's Toxic Radiance  Pois           3%         N/A       91%         4
 Fireball                 Conj/Fire      4%         3d4       97%         5
 Agony                    Necr           3%         N/A       99%         5
 Blade Hands              Tmut           1%         N/A       99%         5
 Borgnjor's Vile Clutch   Necr/Erth      1%         N/A       99%         5
 Freezing Cloud           Conj/Ice/Air   3%         6-21      99%         5
 Metabolic Englaciation   Hex/Ice        1%         N/A       99%         5
 Plasma Beam              Fire/Air       1%         2x1d12    99%         5
 Silence                  Hex/Air        1%         N/A       99%         5
 Yara's Violent Unravell  Hex/Tmut       1%         3d3       99%         5
 Conjure Ball Lightning   Conj/Air       4%         3x3d6     100%        6
 Eringya's Noxious Bog    Tmut/Pois      1%         N/A       100%        6
 Iron Shot                Conj/Erth      4%         9d2       100%        6
 Starburst                Conj/Fire      4%         6d3       100%        6
 Dragon Form              Tmut           1%         N/A       100%        7
 Orb of Destruction       Conj           6%         9d6       100%        7
 Storm Form               Tmut/Air       1%         N/A       100%        7
 Disjunction              Tloc           28%        N/A       65%         8
 Discord                  Hex            1%         N/A       100%        8
 Ignition                 Fire           1%         3d3       100%        8
 Lehudib's Crystal Spear  Conj/Erth      4%         10d3      100%        8
 Maxwell's Capacitive Co  Air            1%         ∞         100%        8
 Summon Forest            Summ/Tloc      Unusable   N/A       N/A         5
 Call Canine Familiar     Summ           Unusable   N/A       N/A         3
 Tukima's Dance           Hex            Unusable   N/A       N/A         3
 Animate Armour           Summ/Erth      Unusable   N/A       N/A         4
 Summon Lightning Spire   Summ/Air       Unusable   N/A       N/A         4
 Simulacrum               Ice/Necr       Unusable   N/A       N/A         6
 Spellforged Servitor     Conj/Summ      Unusable   N/A       N/A         7
 Summon Hydra             Summ           Unusable   N/A       N/A         7
 Dragon's Call            Summ           Unusable   N/A       N/A         9

Dungeon Overview and Level Annotations

Branches:
Dungeon (15/15)            Temple (0/1) D:6            Lair (5/5) D:9
 Shoals (4/4) Lair:2        Snake (4/4) Lair:2        Slime (5/5) Lair:5
    Orc (2/2) D:9             Elf (3/3) Orc:2        Vaults (5/5) D:14
  Crypt (3/3) Vaults:2       Tomb (0/3) Crypt:3      Depths (4/4) D:15
   Hell (visited)             Dis (0/7) Hell            Geh (0/7) Hell
    Coc (0/7) Hell            Tar (0/7) Hell            Zot (5/5) Depths:4
  Sewer (visited)           IceCv (visited)          WizLab (visited)
Gauntlet (visited)

Altars:
Fedhas
Kikubaaqudgha
Makhleb
Okawaru
Sif Muna
Trog
Wu Jian
Xom
Yredelemnul
Zin
Beogh
Jiyva

Shops:
D:1 ?   D:5 *   Orc:2 *[==   Elf:1 :*[   Elf:3 :   Shoals:2 *   Snake:1 :
Snake:3 [(:   Vaults:3 *   Vaults:5 [   Depths:4 (*

Portals:
Hell: Depths:1 Depths:2 Depths:3 Depths:4
Pandemonium: Depths:2 Depths:3 Depths:4
Ziggurat: Depths:2

Annotations:
D:8 3 runed translucent doors, patfeehan111222's ghost, novice MiBe
Lair:3 exclusion: 2 downstairs
Lair:5 exclusion: oklob plant
Snake:3 2 transporters
Slime:5 1 exclusion


Innate Abilities, Weirdness & Mutations

You are somewhat resistant to further mutation.
Your spells are a little easier to cast, but a little less powerful.
You expend magic power (3 MP) to strengthen your wands.


Message History

There is a stone staircase leading down here.
You carve the hell hog like the proverbial ham!!!
You kill the hell hog!
Okawaru accepts your kill.
(D) Dungeon (T) Temple (L) Lair (A) Shoals (P) Snake Pit (M) Slime Pits (O) Orcish Mines (E) Elven Halls (V) Vaults (C) Crypt (W) Tomb (U) Depths (H) Hell (I) Dis (G) Gehenna (X) Cocytus (Y) Tartarus (Z) Zot
Where to? (Enter - D:1 @ (x,y), ? - help)
A sun demon comes into view.
Space momentarily warps into an impossible shape!
You chop the sun demon into pieces!!!
You kill the sun demon!
Okawaru accepts your kill.
(D) Dungeon (T) Temple (L) Lair (A) Shoals (P) Snake Pit (M) Slime Pits (O) Orcish Mines (E) Elven Halls (V) Vaults (C) Crypt (W) Tomb (U) Depths (H) Hell (I) Dis (G) Gehenna (X) Cocytus (Y) Tartarus (Z) Zot
Where to? (Enter - D:1 @ (x,y), ? - help) Magic restored.
HP restored.
There is a stone staircase leading up here.
You climb upwards.
There is a stone staircase leading down here.
You see here a +0 spear.
There is a stone staircase leading up here.
You climb upwards.
There is a stone staircase leading down here.
You see here a +0 dagger.
You see here a +0 short sword.
You see here a +0 short sword.
There is a staircase leading out of the dungeon here.
Okay, then.
Okay, then.
Okay, then.
As you read the scroll of fog, it crumbles to dust.
The scroll dissolves into smoke.
You have escaped!

#.#.......# #.# #.....#
#.#.#####.## ##.# ##.##.###
#.#.# ##.# #.## #.##...#
#.#.# ### ### ######†# #.#.#
###### ###### ####.# #.#.#
##....####....####....# #.#.#
#......##§§§...##.....#
#.#.###..##..##§§##..##..####
#....##.)##..#§@§§#..##..#
#..#.##..##..#§§§§#..##..#
##....##..##..##§§##..##..#
...##.....##......##......#
#####....####....####....##
###### ###### ######
############# ############
#........##.# #..........#
#.#####..##.# #.##########


There were no monsters in sight!

Vanquished Creatures
  the Royal Jelly (Arena)
  Dissolution (Slime:5)
  4 dread liches
  3 orbs of fire (Zot:5)
  Sojobo (Depths:3)
  Bai Suzhen (Crypt:2)
  Parghit (Depths:3)
  6 Killer Klowns (Zot:5)
  Frederick (Vaults:2)
  Saint Roka (Orc:2)
  Margery (Vaults:2)
  A caustic shrike (Depths:2)
  Xtahua (Vaults:2)
  Jory (Vaults:3)
  Geryon (Hell)
  A profane servitor (Abyss:3)
  14 golden dragons
  4 bone dragons
  2 hellephants (Depths:4)
  A doom hound (Depths:4)
  4 electric golems
  Jorgrun (Elf:2)
  Cloud Mage (Arena)
  Mlioglotl (Snake:4)
  26 Orb Guardians
  25 tentacled monstrosities
  12 liches
  4 titans
  2 walking earthen tomes
  5 deep elf blademasters
  Asterion (Vaults:3)
  A walking divine tome (Depths:2)
  7 quicksilver dragons
  A kraken (Shoals:2)
  3 deep elf master archers
  7 tentacled starspawn
  17 acid blobs
  Frances (Shoals:1)
  19 ancient champions
  5 sphinxes
  13 shadow dragons
  The ghost of Vunelunn the Convoker, an adept TeSu of Gozag (Snake:1)
  10 death cobs
  Kirke (Shoals:2)
  12 storm dragons
  4 draconian monks
  10 tengu reavers
  5 revenants
  8 rockslimes
  4 nagarajas (Snake:4)
  13 azure jellies
  6 draconian knights
  13 frost giants
  7 draconian shifters
  4 iron dragons
  17 draconian scorchers
  Aizul (Snake:2)
  11 fire giants
  3 ghost moths (Zot:4)
  8 deep elf sorcerers
  Louise (Snake:4)
  8 draconian stormcallers
  2 curse skulls
  20 vault wardens
  2 balrugs
  4 deep elf elementalists (Elf:3)
  6 draconian annihilators
  An orc warlord (Vaults:2)
  The ghost of qeuew the Protected, a journeyman FoFi of Gozag (Lair:3)
  A spriggan defender (Depths:2)
  21 ironbound preservers
  5 ghouls
  6 quicksilver oozes
  19 very ugly things
  7 reapers
  19 stone giants
  10 vampire knights
  A war gargoyle (Vaults:3)
  2 caustic shrike skeletons
  8 ironbound thunderhulks
  7 deep elf demonologists (Elf:3)
  A lorocyproca (Abyss:1)
  15 green draconians
  9 deep elf annihilators
  12 red draconians
  9 purple draconians
  12 dire elephants
  8 white draconians
  17 starcursed masses (Abyss:3)
  A minotaur (Gauntlet)
  13 black draconians
  16 yellow draconians
  5 spark wasps (WizLab)
  8 deep elf death magi
  3 iron golems (Hell)
  7 blizzard demons
  4 eidola
  2 crystal guardians (Vaults:2)
  4 merfolk javelineers (Shoals:4)
  An ettin (shapeshifter) (Abyss:3)
  17 jiangshi
  5 merfolk impalers (Shoals:4)
  8 deep elf high priests
  11 ettins
  2 green deaths
  2 mummy priests (Crypt:3)
  Josephine (D:12)
  An entropy weaver (Vaults:4)
  A quicksilver dragon zombie (Crypt:2)
  4 fire dragons
  A kraken zombie (Hell)
  20 yaktaur captains
  The ghost of Wuagoi the Thaumaturge, a journeyman DrVM of Vehumet (Orc:1)
  2 caustic shrike simulacra
  Harold (D:10)
  3 rakshasas
  2 peacekeepers
  36 vault guards
  5 hydras
  A fenstrider witch zombie (Crypt:2)
  7 ice dragons
  3 ogre magi
  Erolcha (D:10)
  13 centaur warriors
  4 anacondas
  9 great orbs of eyes
  3 salamander tyrants
  A spriggan skeleton (Hell)
  2 merfolk avatars (Shoals:3)
  3 hell beasts
  4 ghost crabs (WizLab)
  A jorogumo (shapeshifter) (Vaults:5)
  3 catoblepae
  2 death knights (Crypt:1)
  4 spriggan air magi
  13 ironbound frosthearts
  2 juggernaut simulacra (Crypt:1)
  An Orb Guardian zombie (Crypt:3)
  4 boulder beetles
  An anaconda (shapeshifter) (Elf:3)
  2 alligator snapping turtles (Shoals:4)
  6 merfolk aquamancers
  26 death yaks
  9 deep troll shamans
  9 naga warriors
  A satyr (Shoals:2)
  10 two-headed ogres
  30 dancing weapons
  4 hell hogs
  An alligator (shapeshifter) (Vaults:2)
  A satyr (shapeshifter) (Vaults:5)
  10 vampire magi
  3 tengu warriors
  7 thrashing horrors
  12 naga sharpshooters
  2 orc high priests
  8 deep troll earth magi
  7 shock serpents
  A titan zombie (Crypt:2)
  Sonja (D:12)
  3 spriggan berserkers
  Nergalle (D:12)
  11 sun demons
  13 deep elf knights
  38 skeletal warriors
  6 soul eaters
  A fire crab (shapeshifter) (Vaults:5)
  12 hell knights
  5 wretched stars
  5 skysharks
  6 shadow wraiths
  10 iron trolls
  4 salamander mystics
  4 spriggans (Depths:1)
  4 sixfirhies
  63 deep trolls
  7 glowing orange brains
  17 sea snakes
  A bunyip zombie (Crypt:2)
  A shadow demon (Depths:2)
  5 death drakes
  A kraken simulacrum (Shoals:1)
  10 flayed ghosts
  2 tengu zombies
  13 wizards
  A bog body (Crypt:2)
  15 ironbound convokers
  6 spriggan simulacra
  3 fenstrider witch simulacra (Crypt:1)
  10 lindwurms
  17 phantasmal warriors
  3 naga ritualists
  32 harpies
  An obsidian statue (Vaults:1)
  15 orc knights
  An anaconda skeleton (Crypt:2)
  3 deep elf archers
  14 necromancers
  3 orc sorcerers
  29 deep elf zephyrmancers
  8 mana vipers
  2 stone giant zombies
  16 manticores
  9 fauns
  22 deep elf pyromancers
  3 cyclopes
  19 ugly things
  5 worldbinders
  2 cyclopes (shapeshifter) (Vaults:5)
  A will-o-the-wisp (Abyss:3)
  6 elephants
  4 shining eyes
  7 merfolk sirens
  18 salamanders
  3 oklob plants (Lair:5)
  25 moths of wrath
  A moth of wrath (shapeshifter) (Vaults:5)
  7 centaur zombies (D:12)
  7 water nymphs
  16 naga magi
  21 black mambas
  2 ice statues
  3 molten gargoyles (Hell)
  A gargoyle (D:14)
  6 guardian serpents
  2 demonic crawlers (Abyss:3)
  An elephant slug zombie (Crypt:1)
  An eye of devastation (Slime:4)
  3 apocalypse crabs (WizLab)
  2 orange demons
  7 rust devils (Hell)
  3 centaur skeletons
  2 stone giant skeletons
  A torpor snail (Lair:4)
  21 vault sentinels
  16 smoke demons
  A hellion (Hell)
  2 dire elephant skeletons (Hell)
  15 cane toads
  3 efreet
  An unseen horror (D:12)
  4 ice devils
  2 minotaur zombies
  3 rime drakes
  2 sea snake zombies
  2 kobold demonologists (D:11)
  14 komodo dragons
  A death yak zombie (Crypt:1)
  14 freezing wraiths
  42 yaktaurs
  4 ancient zymes
  A minotaur skeleton (Crypt:1)
  A white draconian skeleton (Crypt:1)
  2 tengu conjurers
  A green draconian skeleton (Crypt:3)
  A bunyip simulacrum (Crypt:1)
  2 tormentors
  5 trolls
  A yaktaur skeleton (Vaults:2)
  A red devil (Hell)
  3 hellwings
  4 guardian mummies (Crypt:3)
  4 hydra zombies (Hell)
  A sea snake skeleton (Hell)
  A moth of wrath zombie (Crypt:1)
  A troll (shapeshifter) (Vaults:5)
  4 harpy zombies
  18 merfolk
  17 polar bears
  3 meliai (D:12)
  Grinder (D:5)
  4 hornets (Depths:1)
  14 raiju
  10 snapping turtles
  A hydra skeleton (Hell)
  A tarantella (shapeshifter) (Elf:3)
  12 wind drakes
  A snapping turtle (shapeshifter) (Depths:2)
  2 ettin zombies
  A wind drake (shapeshifter) (D:13)
  18 dream sheep
  20 blink frogs
  7 large abominations
  2 harpy skeletons
  62 slime creatures
  17 flying skulls
  A human simulacrum (Crypt:1)
  3 iron dragon simulacra
  An ettin skeleton (Hell)
  7 air elementals (WizLab)
  A black mamba zombie (Crypt:3)
  A merfolk skeleton (Crypt:2)
  A vampire (D:12)
  3 ynoxinuls
  5 shadows
  4 wyverns
  A culicivora (shapeshifter) (Vaults:5)
  4 naga simulacra
  4 ushabtiu (Crypt:3)
  4 basilisks
  2 fire bats (Abyss:3)
  22 wraiths
  An alligator skeleton (Crypt:2)
  A human (Shoals:2)
  12 water elementals
  4 alligator snapping turtle simulacra
  12 chaos spawn
  82 yaks
  2 hogs (Shoals:2)
  4 neqoxecs
  5 sea snake simulacra (Shoals:1)
  3 steam dragons
  4 harpy simulacra
  9 vampire mosquitoes (D:11)
  10 wargs
  5 acid dragons
  36 nagas
  4 hell hounds
  A hydra simulacrum (Crypt:1)
  A naga skeleton (Hell)
  14 water moccasins
  A floating eye (Slime:4)
  Duvessa (D:4)
  A water moccasin (shapeshifter) (D:13)
  A two-headed ogre skeleton (Hell)
  54 orc warriors
  2 ice beasts
  An alligator simulacrum (Hell)
  A manticore zombie (Crypt:3)
  A swamp dragon zombie (Crypt:3)
  13 ogres
  5 black bears
  A satyr simulacrum (Shoals:1)
  An ettin simulacrum (Crypt:1)
  41 wolves
  2 tengu (Abyss:3)
  A snapping turtle skeleton (Crypt:2)
  A phantom (D:6)
  7 centaurs
  A torpor snail zombie (Crypt:2)
  4 kobold brigands
  A yaktaur zombie (Crypt:1)
  2 earth elementals (Elf:3)
  3 gnoll sergeants
  12 bullfrogs
  18 small abominations
  3 necrophages
  A scorpion (D:7)
  6 merfolk simulacra
  A faun simulacrum (Shoals:1)
  Dowan (D:4)
  A cyclops skeleton (Crypt:1)
  A raiju zombie (Crypt:1)
  11 killer bees
  3 snapping turtle simulacra (Shoals:1)
  6 electric eels
  7 howler monkeys
  4 lava snakes (Lair:2)
  3 quasits
  3 hounds
  An iron imp (Abyss:3)
  18 orc priests
  A jelly (D:5)
  A gnoll bouda (D:8)
  2 cyclops simulacra (Shoals:1)
  2 sleepcaps
  3 iguanas
  22 orc wizards
  16 hell rats
  A boggart skeleton (D:15)
  6 centaur simulacra
  12 mummies (Crypt:3)
  Robin (D:3)
  26 gnolls
  11 adders
  5 river rats
  2 swamp drake skeletons
  2 shadow imps
  4 white imps
  4 ufetubi
  An iguana zombie (Crypt:2)
  5 worms
  6 dart slugs
  106 orcs
  7 bats
  A bat skeleton (Crypt:3)
  10 endoplasms
  8 giant cockroaches
  A gnoll zombie (Crypt:1)
  12 goblins
  9 hobgoblins
  11 quokkas
  11 ball pythons
  6 frilled lizards
  A jackal skeleton (Crypt:3)
  24 kobolds
  An orc skeleton (Crypt:3)
  A quokka skeleton (Crypt:2)
  18 rats
  A bush (Lair:5)
  A plant (Shoals:1)
  8 starspawn tentacles
  5 tentacles
  A withered plant (D:12)
2913 creatures vanquished.

Vanquished Creatures (others)
  A deep troll (Vaults:2)
  2 deep elf zephyrmancers (Elf:1)
  A yaktaur (D:15)
  A wind drake (WizLab)
  A centaur simulacrum (Hell)
  An orc wizard (D:6)
  A hell rat (Hell)
  17 demonic plants (Gauntlet)
  6 foxfires (Abyss:3)
  19 fungi
  A lurking horror (Abyss:2)
  76 plants
  4 starspawn tentacles
  15 tentacles
  A withered plant (D:12)
147 creatures vanquished.

Grand Total: 3060 creatures vanquished

Notes
Turn   | Place    | Note
-------+----------+-------------------------------------------
     0 | D:1      | FexLirch the Hill Orc Reaver began the quest for the Orb.
     0 | D:1      | Reached XP level 1. HP: 18/18 MP: 3/3
   120 | D:1      | Reached XP level 2. HP: 16/25 MP: 4/4
   249 | D:1      | Reached skill level 5 in Axes
   392 | D:1      | Found Lack's Magic Scroll Boutique.
   422 | D:1      | Learned a level 2 spell: Momentum Strike
   495 | D:1      | Reached XP level 3. HP: 30/30 MP: 2/5
  1363 | D:1      | Bought a scroll of teleportation for 30 gold pieces
  1384 | D:2      | Reached XP level 4. HP: 32/32 MP: 2/6
  2114 | D:1      | Bought a scroll of fear for 40 gold pieces
  2114 | D:1      | Bought a scroll of identify for 20 gold pieces
  2213 | D:3      | Reached XP level 5. HP: 26/32 MP: 1/7
  2435 | D:3      | Noticed Robin
  2722 | D:3      | Reached XP level 6. HP: 31/50 MP: 8/8
  2821 | D:3      | Killed Robin
  3000 | D:3      | Found a roughly hewn altar of Beogh.
  3280 | D:4      | Noticed Duvessa
  3306 | D:4      | Killed Duvessa
  3328 | D:4      | Noticed Dowan
  3342 | D:4      | Killed Dowan
  3535 | D:4      | Reached skill level 10 in Axes
  3628 | D:4      | Reached XP level 7. HP: 54/56 MP: 9/9
  3737 | D:4      | Found an iron altar of Okawaru.
  3747 | D:4      | Became a worshipper of Warmaster Okawaru
  4692 | D:5      | Entered Level 5 of the Dungeon
  4712 | D:5      | Noticed Grinder
  5027 | D:5      | Found a glowing drain.
  5046 | Sewer    | Entered a sewer
  5212 | D:5      | Reached * piety under Okawaru
  5213 | D:5      | Reached XP level 8. HP: 52/57 MP: 1/10
  5407 | D:5      | Found Jadiuqae's Assorted Antiques.
  5454 | D:5      | Paralysed by Grinder for 4 turns
  5467 | D:5      | Killed Grinder
  5992 | D:6      | Reached ** piety under Okawaru
  6062 | D:6      | Found a staircase to the Ecumenical Temple.
  6174 | D:6      | Reached XP level 9. HP: 66/70 MP: 6/11
  6398 | D:6      | Reached skill level 15 in Axes
  6899 | D:7      | Reached skill level 1 in Invocations
  7101 | D:7      | Reached *** piety under Okawaru
  7189 | D:7      | Found a shimmering altar of Xom.
  7189 | D:7      | Found a shimmering altar of Xom.
  7189 | D:7      | Found a shimmering altar of Xom.
  7189 | D:7      | Found a shimmering altar of Xom.
  7189 | D:7      | Found a shimmering altar of Xom.
  7232 | D:7      | Reached skill level 2 in Invocations
  7298 | D:7      | Noticed a troll
  7535 | D:7      | Found an ornate altar of the Wu Jian Council.
  7535 | D:7      | Found a blossoming altar of Fedhas.
  7537 | D:7      | Found a basalt altar of Yredelemnul.
  7537 | D:7      | Found a glowing silver altar of Zin.
  7724 | D:7      | Noticed a shining eye
  7726 | D:7      | a shining eye changed into a two-headed ogre
  7726 | D:7      | Noticed a two-headed ogre (shapeshifter)
  7923 | D:8      | Reached skill level 5 in Fighting
  7929 | D:8      | Reached skill level 3 in Invocations
  8016 | D:8      | Found a runed translucent gate.
  8017 | D:8      | Found a runed translucent gate.
  8018 | D:8      | Found a runed translucent gate.
  8022 | D:8      | Noticed a two-headed ogre
  8023 | D:8      | Noticed patfeehan111222's ghost (novice MiBe)
  8024 | D:8      | Noticed a wolf spider
  8045 | D:8      | Reached skill level 1 in Armour
  8421 | D:8      | HP: 1/69 [hell rat (3)]
  8602 | D:8      | Reached XP level 10. HP: 67/79 MP: 12/12
  8664 | D:8      | Reached skill level 4 in Invocations
  8982 | D:8      | Reached **** piety under Okawaru
  9944 | D:9      | Reached skill level 5 in Invocations
 10153 | D:9      | Identified a scroll of acquirement
 10162 | D:9      | Found a staircase to the Orcish Mines.
 10471 | D:9      | Found a staircase to the Lair.
 10897 | D:9      | Noticed an elephant
 10910 | D:9      | Killed an elephant
 10911 | D:9      | Reached skill level 6 in Invocations
 10934 | Lair:1   | Entered Level 1 of the Lair of Beasts
 10934 | Lair:1   | Noticed a cane toad
 10940 | Lair:1   | Killed a cane toad
 10970 | D:10     | Entered Level 10 of the Dungeon
 10998 | D:10     | Noticed Erolcha
 11051 | D:9      | Noticed a two-headed ogre
 11057 | D:9      | Killed a two-headed ogre
 11058 | D:9      | Reached XP level 11. HP: 92/92 MP: 12/15
 11302 | Lair:1   | Noticed a death yak
 11302 | Lair:1   | Noticed a death yak
 11302 | Lair:1   | Noticed a death yak
 11307 | Lair:1   | Noticed a death yak
 11307 | Lair:1   | Noticed a death yak
 11308 | Lair:1   | Noticed a death yak
 11334 | Lair:1   | Killed a death yak
 11335 | Lair:1   | Reached skill level 5 in Armour
 11343 | Lair:1   | Killed a death yak
 11344 | Lair:1   | Reached skill level 7 in Invocations
 11345 | Lair:1   | Killed a death yak
 11355 | Lair:1   | Killed a death yak
 11355 | Lair:1   | Reached ***** piety under Okawaru
 11365 | Lair:1   | Killed a death yak
 11373 | Lair:1   | Killed a death yak
 11414 | Lair:1   | Found a gate leading to a gauntlet.
 11421 | Gauntlet | Entered a Gauntlet
 11421 | Gauntlet | Found a transporter.
 11425 | Gauntlet | Noticed a hell hog
 11516 | Gauntlet | Found a transporter.
 11532 | Gauntlet | Found a transporter.
 11536 | Gauntlet | Found a transporter.
 11545 | Gauntlet | Noticed a sixfirhy
 11545 | Gauntlet | Noticed a sixfirhy
 11556 | Gauntlet | Found a transporter.
 11567 | Gauntlet | Found a runed translucent door.
 11569 | Gauntlet | Found a transporter.
 11571 | Gauntlet | Found a runed translucent door.
 11572 | Gauntlet | Found a transporter.
 11576 | Gauntlet | Found a transporter.
 11597 | Gauntlet | Noticed an obsidian statue
 11605 | Gauntlet | Noticed a reaper
 11607 | Gauntlet | Found a transporter.
 11610 | Gauntlet | Found a transporter.
 11633 | Gauntlet | Found a transporter.
 11642 | Gauntlet | Found a transporter.
 11758 | Gauntlet | Reached skill level 8 in Invocations
 11761 | Gauntlet | Received a gift from Okawaru
 11922 | Gauntlet | Killed a sixfirhy
 11924 | Gauntlet | Killed a sixfirhy
 11925 | Gauntlet | Reached XP level 12. HP: 57/104 MP: 16/18
 11934 | Gauntlet | Identified the ring of Xom's Recklessness {rElec rN+ Will+
                  | Dex-4}
 12056 | Gauntlet | Noticed a minotaur
 12064 | Gauntlet | Killed a minotaur
 12078 | Gauntlet | Identified the staff of air "Maqiytaf" {rElec rPois Int+2}
 12078 | Gauntlet | Identified the +1 ring mail of Patterns {Int+5}
 12098 | Lair:1   | Received a gift from Okawaru
 12099 | Lair:1   | Reached skill level 9 in Invocations
 12138 | Lair:1   | Acquired the amulet of Vitality {RegenMP++ Regen++}
 12138 | Lair:1   | Found the amulet of Vitality {RegenMP++ Regen++}
 12494 | Lair:1   | Acquired a manual of Fighting
 12860 | Lair:1   | Reached skill level 10 in Fighting
 12974 | Lair:2   | Received a gift from Okawaru
 13014 | Lair:2   | Noticed a catoblepas
 13028 | Lair:2   | Killed a catoblepas
 13029 | Lair:2   | Reached skill level 10 in Invocations
 13044 | Lair:2   | Reached skill level 1 in Throwing
 13229 | Lair:2   | Found a staircase to the Snake Pit.
 13325 | Lair:2   | Reached XP level 13. HP: 76/116 MP: 20/20
 13587 | Lair:2   | Found a staircase to the Shoals.
 14002 | Lair:3   | Found a runed translucent door.
 14005 | Lair:3   | Reached ****** piety under Okawaru
 14013 | Lair:3   | Noticed qeuew's ghost (journeyman FoFi)
 14028 | Lair:3   | Killed qeuew's ghost
 14072 | Lair:3   | Reached skill level 11 in Invocations
 14234 | Lair:3   | Identified the +8 broad axe "Tormentor" {protect, rCorr}
                  | (Okawaru gifted it to you on level 3 of the Lair of Beasts)
 14234 | Lair:3   | Received a gift from Okawaru
 14855 | D:10     | Killed Erolcha
 14857 | D:10     | Found a burning altar of Makhleb.
 14939 | D:10     | Noticed Harold
 14956 | D:10     | Killed Harold
 15228 | D:10     | Found an ancient bone altar of Kikubaaqudgha.
 15521 | D:11     | Identified the +1 leather armour "Aceng" {Drain Will+++
                  | Int+6}
 15703 | D:11     | Reached XP level 14. HP: 125/129 MP: 22/22
 16310 | D:12     | Reached skill level 12 in Invocations
 16350 | D:12     | Received a gift from Okawaru
 16408 | D:12     | Noticed Sonja
 16414 | Abyss:1  | Cast into level 1 of the Abyss (Sonja)
 16516 | Abyss:1  | Noticed a bone dragon
 16621 | Abyss:1  | Reached skill level 10 in Armour
 16672 | Abyss:1  | Noticed a red draconian scorcher
 16674 | Abyss:1  | Noticed a tentacled starspawn
 16684 | Abyss:1  | Killed a tentacled starspawn
 16684 | Abyss:1  | Identified the scarf of the Skies Above {+Inv, Rampage rC+
                  | rCorr SInv} (Okawaru gifted it to you on level 1 of the
                  | Abyss)
 16684 | Abyss:1  | Received a gift from Okawaru
 16698 | Abyss:1  | Killed a red draconian scorcher
 16770 | Abyss:1  | Reached skill level 5 in Throwing
 16800 | Abyss:1  | Gained mutation: You are frail. (-10% HP) [a neqoxec]
 16804 | Abyss:1  | Noticed a tentacled starspawn
 16807 | Abyss:1  | Noticed a lorocyproca
 16818 | Abyss:1  | Killed a tentacled starspawn
 16819 | Abyss:1  | Killed a lorocyproca
 16856 | D:12     | Escaped the Abyss
 16866 | D:12     | Killed Sonja
 16966 | D:12     | Noticed Nergalle
 16976 | D:12     | Killed Nergalle
 17144 | D:12     | Noticed Josephine
 17160 | D:12     | Killed Josephine
 17166 | D:12     | Received a gift from Okawaru
 17301 | D:12     | Reached skill level 13 in Invocations
 17341 | D:12     | Identified the +7 great sword of Turmoil {protect, SInv}
                  | (Okawaru gifted it to you on level 12 of the Dungeon)
 17341 | D:12     | Received a gift from Okawaru
 17527 | Lair:4   | Reached skill level 15 in Fighting
 17756 | Lair:4   | Reached XP level 15. HP: 98/126 MP: 24/24
 17795 | Lair:4   | You fall into a shaft and drop 1 floor!
 17795 | Lair:5   | Entered Level 5 of the Lair of Beasts
 17920 | Lair:5   | Received a gift from Okawaru
 17930 | Lair:5   | Received a gift from Okawaru
 18081 | Lair:4   | Identified the +0 kite shield of the Rose {rF+} (Okawaru
                  | gifted it to you on level 4 of the Lair of Beasts)
 18081 | Lair:4   | Received a gift from Okawaru
 18844 | Lair:5   | Found a viscous altar of Jiyva.
 18872 | Lair:5   | Found a blossoming altar of Fedhas.
 19002 | Lair:5   | Reached skill level 14 in Invocations
 19916 | Orc:1    | Entered Level 1 of the Orcish Mines
 19993 | Orc:1    | Found a runed translucent gate.
 19993 | Orc:1    | Found a runed translucent gate.
 19997 | Orc:1    | Noticed Wuagoi's ghost (journeyman DrVM)
 20027 | Orc:1    | Found a runed translucent gate.
 20032 | Orc:1    | Identified the +5 plate armour "Ossyeschumom" {rPois Regen+
                  | Str+2}
 20094 | Orc:1    | Identified the +0 buckler "Kaol" {rN+++ Will- Str-2 Int+6}
                  | (Okawaru gifted it to you on level 1 of the Orcish Mines)
 20094 | Orc:1    | Received a gift from Okawaru
 20425 | Orc:1    | Found a roughly hewn altar of Beogh.
 20459 | Orc:1    | Killed Wuagoi's ghost
 20482 | Orc:1    | Identified the -1 cloak of the Harvest {Int+3 Dex+2}
 20511 | Orc:2    | Entered Level 2 of the Orcish Mines
 20608 | Orc:2    | Reached XP level 16. HP: 131/139 MP: 26/26
 20628 | Orc:2    | Found a roughly hewn altar of Beogh.
 20687 | Orc:2    | Noticed Saint Roka
 20709 | Orc:2    | Killed Saint Roka
 20786 | Orc:2    | Found a staircase to the Elven Halls.
 20809 | Orc:2    | Found a frozen archway.
 20822 | IceCv    | Entered an ice cave
 20925 | IceCv    | Reached skill level 1 in Evocations
 21033 | IceCv    | Reached skill level 15 in Invocations
 21111 | IceCv    | Identified the staff of air "Girem" {rElec SInv}
 21540 | Orc:2    | Paralysed by an orc sorcerer for 4 turns
 21575 | Orc:2    | Found Ocug's Jewellery Shop.
 21580 | Orc:2    | Received a gift from Okawaru
 21585 | Orc:2    | Found Fianoir's Jewellery Emporium.
 21674 | Orc:2    | Found a roughly hewn altar of Beogh.
 21687 | Orc:2    | Found Ryxeudef's Assorted Antiques.
 21688 | Orc:2    | Found Sino's Armour Shop.
 21690 | Orc:2    | Received a gift from Okawaru
 22621 | Snake:1  | Entered Level 1 of the Snake Pit
 22760 | Snake:1  | Received a gift from Okawaru
 22967 | Snake:1  | Received a gift from Okawaru
 22992 | Snake:1  | Found Zuaten's Tremendous Tomes.
 23207 | Snake:1  | Found a runed translucent door.
 23208 | Snake:1  | Noticed Vunelunn's ghost (adept TeSu)
 23303 | Snake:1  | Killed Vunelunn's ghost
 23743 | Snake:2  | Reached XP level 17. HP: 115/146 MP: 28/28
 23750 | Snake:2  | Acquired the scarf of Hilesiti {rC+ rF+, Str+3}
 23816 | Snake:2  | Reached skill level 16 in Invocations
 23836 | Snake:2  | Reached skill level 5 in Evocations
 23903 | Snake:2  | Identified the +4 battleaxe of Sihacwuz {speed, rElec}
                  | (Okawaru gifted it to you on level 2 of the Snake Pit)
 23903 | Snake:2  | Received a gift from Okawaru
 24014 | Snake:3  | Noticed Aizul
 24037 | Snake:2  | Killed Aizul
 24111 | Snake:3  | Found Becous's Book Emporium.
 24113 | Snake:3  | Found Fackes's Antique Weapon Shoppe.
 24114 | Snake:3  | Identified the +7 shortbow "Concordance" {drain, Str-4
                  | Dex+4 Stlth+}
 24118 | Snake:3  | Found Zeav's Antique Armour Emporium.
 24344 | Snake:3  | Found a transporter.
 24388 | Snake:3  | Found a transporter.
 24493 | Snake:4  | Entered Level 4 of the Snake Pit
 24494 | Snake:4  | Noticed Mlioglotl
 24506 | Snake:4  | Paralysed by accursed screaming for 1 turns
 24509 | Snake:4  | Killed Mlioglotl
 24697 | Snake:4  | Noticed Louise
 24803 | Snake:4  | Killed Louise
 25071 | Snake:4  | Received a gift from Okawaru
 25162 | Snake:4  | Received a gift from Okawaru
 25262 | Snake:4  | Received a gift from Okawaru
 25907 | Snake:4  | Reached skill level 17 in Invocations
 26098 | Snake:4  | Noticed a quicksilver dragon
 26098 | Snake:4  | Noticed a quicksilver dragon
 26106 | Snake:4  | Killed a quicksilver dragon
 26108 | Snake:4  | Killed a quicksilver dragon
 26117 | Snake:4  | Reached XP level 18. HP: 44/156 MP: 30/30
 26171 | Snake:4  | Got a serpentine rune of Zot
 26313 | Shoals:1 | Entered Level 1 of the Shoals
 26320 | Shoals:1 | Identified the scarf of Lesser Demons {+Inv, rCorr Dex+6
                  | Slay+2 SInv} (Okawaru gifted it to you on level 1 of the
                  | Shoals)
 26320 | Shoals:1 | Received a gift from Okawaru
 26410 | Arena    | Entered the Arena
 26821 | Shoals:1 | Found a runed translucent gate.
 26826 | Shoals:1 | Found a runed translucent gate.
 26830 | Shoals:1 | Found a runed translucent gate.
 27022 | Shoals:1 | Noticed Frances
 27028 | Shoals:1 | Killed Frances
 27313 | Shoals:2 | Identified the ring of Dishonesty {rPois rC+ AC+4 Int-5
                  | SInv}
 27422 | Shoals:2 | Received a gift from Okawaru
 27591 | Shoals:2 | Found Plog's Gadget Gallery.
 27607 | Shoals:2 | Reached skill level 15 in Armour
 27615 | Shoals:2 | Noticed Kirke
 27623 | Shoals:2 | Killed Kirke
 27817 | Shoals:3 | Reached skill level 18 in Invocations
 28473 | Shoals:4 | Entered Level 4 of the Shoals
 28534 | Shoals:4 | Identified the +1 robe "Asseun" {rC- rN+ Int+7}
 28562 | Shoals:4 | Received a gift from Okawaru
 28686 | Shoals:4 | Identified the +3 buckler of Wigaum {Str+2}
 28709 | Shoals:4 | Identified the +1 ring mail "Wuruaf" {+Inv rF- Str+4}
                  | (Okawaru gifted it to you on level 4 of the Shoals)
 28709 | Shoals:4 | Received a gift from Okawaru
 28841 | Shoals:4 | Reached XP level 19. HP: 90/165 MP: 32/32
 29066 | Shoals:4 | Got a barnacled rune of Zot
 29069 | Shoals:4 | Identified the ring "Borugeh" {rF+ rC- rN+++ Int+3 Slay-4}
 30003 | D:13     | Identified the +1 hat of Qidgh {Str+3 Int+3 Stlth+}
 30639 | D:14     | Learned a level 2 spell: Blink
 30642 | D:14     | Learned a level 2 spell: Lesser Beckoning
 30647 | D:14     | Learned a level 4 spell: Manifold Assault
 30755 | D:14     | Found a gate to the Vaults.
 31065 | D:15     | Entered Level 15 of the Dungeon
 31074 | D:15     | Reached skill level 1 in Translocations
 31648 | D:15     | Found a staircase to the Depths.
 32236 | Elf:1    | Entered Level 1 of the Elven Halls
 32299 | Elf:1    | Found Qunoaqof's Book Shoppe.
 32536 | Elf:1    | Reached skill level 19 in Invocations
 32585 | Elf:1    | Got the Notes on Trauma and Assembling
 32677 | Elf:1    | Found Vuxt's Armour Shoppe.
 32695 | Elf:1    | Bought the +3 Mad Mage's Maulers {Infuse+∞ VampMP -Cast}
                  | for 600 gold pieces
 32695 | Elf:1    | Found the +3 Mad Mage's Maulers {Infuse+∞ VampMP -Cast}
 32695 | Elf:1    | Bought a +1 pair of boots of rampaging for 247 gold pieces
 32914 | Elf:1    | Received a gift from Okawaru
 32943 | Elf:1    | Found Yhenewk's Assorted Antiques.
 32951 | Elf:1    | Bought a smoking helmet for 313 gold pieces
 32951 | Elf:1    | Identified the +1 helmet of the Cicada {MP+9} (You bought
                  | it in a shop on level 1 of the Elven Halls)
 33231 | Elf:2    | Identified the +1 hat of Grace {SInv} (Okawaru gifted it to
                  | you on level 2 of the Elven Halls)
 33231 | Elf:2    | Received a gift from Okawaru
 33246 | Elf:2    | Found a runed translucent gate.
 33246 | Elf:2    | Found a runed translucent gate.
 33246 | Elf:2    | Found a runed translucent gate.
 33311 | Elf:2    | Reached XP level 20. HP: 149/175 MP: 4/33
 33332 | Elf:2    | Noticed Jorgrun
 33340 | Elf:2    | Killed Jorgrun
 33889 | Elf:3    | Entered Level 3 of the Elven Halls
 33913 | Elf:3    | Reached skill level 5 in Dodging
 33943 | Elf:3    | Received a gift from Okawaru
 34228 | Elf:3    | Found Caaguafio's Book Boutique.
 34513 | Elf:3    | Noticed a Tzitzimitl
 34515 | Abyss:2  | Found a corrupted altar of Lugonu.
 34515 | Abyss:2  | Cast into level 2 of the Abyss (a deep elf demonologist)
 34567 | Abyss:2  | Received a gift from Okawaru
 34620 | Abyss:2  | Reached skill level 10 in Throwing
 34658 | Abyss:2  | Identified the +2 cloak "Yfaidgha" {rF+ rC+ Int+2 Dex-4}
                  | (Okawaru gifted it to you on level 2 of the Abyss)
 34658 | Abyss:2  | Received a gift from Okawaru
 34776 | Abyss:3  | Found a corrupted altar of Lugonu.
 34813 | Abyss:3  | Found a corrupted altar of Lugonu.
 34832 | Abyss:3  | Found a corrupted altar of Lugonu.
 34847 | Elf:3    | Escaped the Abyss
 34850 | Elf:3    | Identified the ring of the Death Scarab {rElec rN++ MP+9
                  | Int+4 Dex-5}
 35078 | Elf:3    | Reached skill level 20 in Invocations
 35178 | Abyss:3  | Cast into level 3 of the Abyss (a deep elf sorcerer)
 35207 | Abyss:3  | Found a corrupted altar of Lugonu.
 35223 | Abyss:3  | Noticed a bone dragon
 35230 | Abyss:3  | Killed a bone dragon
 35270 | Abyss:3  | Noticed a profane servitor
 35285 | Abyss:3  | Killed a profane servitor
 35290 | Elf:3    | Escaped the Abyss
 35293 | Elf:3    | Reached XP level 21. HP: 183/183 MP: 5/35
 35323 | Elf:3    | Identified the +11 mace of Somuveg {venom, rPois rN+ Int-4}
 35346 | Elf:3    | Received a gift from Okawaru
 35401 | Elf:3    | Identified the +2 pair of boots of the Loofah {Harm}
 35409 | Elf:3    | Identified the +2 hand axe of Dissatisfaction {protect, rN+
                  | Dex+4}
 35422 | Elf:3    | Identified the +4 morningstar of Doom {freeze, Str+5 Int+7
                  | Stlth-}
 35453 | Elf:3    | Got the Grimoire of the Unfortunate Dragon
 35479 | Elf:3    | Identified the +0 battleaxe of Damak {freeze, rN++ Str-2
                  | Int+3}
 35486 | Elf:3    | Got Rosucele's Grimoire of Chilly Detritus
 35489 | Elf:3    | Identified the +1 dagger of the Three Demons {heavy, rElec
                  | rPois rC+ Int+3}
 35493 | Elf:3    | Identified the staff of earth "Daph" {Str+3}
 35523 | Elf:3    | Identified the +3 pair of gloves of Distant Worlds {*Slow
                  | rC+++ Will+++ Dex-3}
 35576 | Elf:3    | Identified the staff of conjuration "Ippapsiz" {+Blink
                  | rElec Stlth-}
 35577 | Elf:3    | Identified the ring "Ceuwneent" {rF+ Dex+4}
 35588 | Elf:3    | Identified the +4 trident of Zuqe Teo {freeze, rF+ Str+3
                  | Dex-2}
 35637 | Elf:3    | Identified the +3 hand axe of Iconoclasm {pain, MP+9}
 36065 | Vaults:1 | Entered Level 1 of the Vaults
 36654 | Vaults:1 | Found a transporter.
 37052 | Vaults:1 | Paralysed by a great orb of eyes for 4 turns
 37190 | Vaults:1 | Found a transporter.
 37209 | Vaults:1 | Received a gift from Okawaru
 37214 | Vaults:1 | Reached skill level 5 in Translocations
 37237 | Vaults:1 | Identified the amulet of Makhleb's Regard {Reflect rC+
                  | rCorr SH+5}
 37488 | Vaults:2 | Received a gift from Okawaru
 37488 | Vaults:2 | Found the +2 pair of slick slippers {slick, slippery, EV+5}
 37515 | Vaults:2 | Reached skill level 21 in Invocations
 37907 | Vaults:2 | Reached XP level 22. HP: 182/193 MP: 8/36
 38184 | Vaults:2 | Found a staircase to the Crypt.
 38184 | Vaults:2 | Found an ancient bone altar of Kikubaaqudgha.
 38184 | Vaults:2 | Found a basalt altar of Yredelemnul.
 38277 | Vaults:2 | Noticed Xtahua
 38286 | Vaults:2 | Killed Xtahua
 38364 | Vaults:2 | Found a portal to a secret trove of treasure.
 38515 | Vaults:2 | Noticed Margery
 38520 | Vaults:2 | Killed Margery
 38520 | Vaults:2 | Identified the +1 robe "Ypiloneg" {Str+5 Int+4} (Okawaru
                  | gifted it to you on level 2 of the Vaults)
 38520 | Vaults:2 | Received a gift from Okawaru
 38729 | Vaults:2 | Noticed Frederick
 38734 | Vaults:2 | Killed Frederick
 38879 | Vaults:3 | Noticed Jory
 38883 | Vaults:3 | Killed Jory
 38948 | Vaults:3 | Found Siosail's Assorted Antiques.
 39054 | Vaults:3 | Found a magical portal.
 39059 | WizLab   | Entered The Chambers of the Cloud Mage
 39266 | WizLab   | Paralysed by an air elemental for 1 turns
 39357 | WizLab   | Paralysed by an air elemental for 1 turns
 39363 | WizLab   | Noticed Ifumi
 39365 | Arena    | Entered the Arena
 39368 | Arena    | Killed Ifumi the Cloud Mage
 39389 | WizLab   | Found the +8 lance "Wyrmbane" {slay drac, rPois rF+ rC+
                  | AC+3}
 39393 | WizLab   | Got the Lessons on Azure Bringing Forth
 39397 | WizLab   | Identified the ring "Kiraf" {Int+4 Dex+6}
 39399 | WizLab   | Got Jodi's Compilation of the Tempest
 39550 | Vaults:3 | Received a gift from Okawaru
 39692 | Vaults:3 | Reached skill level 1 in Polearms
 39695 | Vaults:3 | Received a gift from Okawaru
 39725 | Vaults:3 | Received a gift from Okawaru
 39726 | Vaults:3 | Reached XP level 23. HP: 119/201 MP: 2/37
 39917 | Vaults:3 | Noticed Asterion
 39927 | Vaults:3 | Killed Asterion
 39954 | Vaults:3 | Received a gift from Okawaru
 40772 | Vaults:4 | Identified the +1 pair of boots "Extaxyk" {Rampage +Blink
                  | rC- Int+4} (Okawaru gifted it to you on level 4 of the
                  | Vaults)
 40772 | Vaults:4 | Received a gift from Okawaru
 40783 | Vaults:4 | Reached skill level 22 in Invocations
 41222 | Vaults:4 | Identified the +12 great sword of the Glowing Visionary
                  | {heavy, rN+ Stlth+}
 42520 | Crypt:1  | Entered Level 1 of the Crypt
 43393 | Crypt:1  | Identified the +0 plate armour "Zomoyh" {rPois rF++ rN+++
                  | Dex-4} (Okawaru gifted it to you on level 1 of the Crypt)
 43393 | Crypt:1  | Received a gift from Okawaru
 43491 | Crypt:1  | Reached skill level 5 in Polearms
 43547 | Crypt:1  | Reached skill level 10 in Translocations
 43700 | Crypt:2  | Noticed a dread lich
 43706 | Crypt:2  | Killed a dread lich
 43715 | Crypt:2  | Reached XP level 24. HP: 186/211 MP: 28/38
 44038 | Crypt:2  | Noticed Bai Suzhen
 44047 | Crypt:2  | Killed Bai Suzhen
 44437 | Crypt:3  | Entered Level 3 of the Crypt
 44450 | Crypt:3  | Received a gift from Okawaru
 44508 | Crypt:3  | Received a gift from Okawaru
 44603 | Crypt:3  | Received a gift from Okawaru
 44634 | Crypt:3  | Received a gift from Okawaru
 44691 | Crypt:3  | Received a gift from Okawaru
 44768 | Crypt:3  | Received a gift from Okawaru
 45040 | Crypt:3  | Found a staircase to the Tomb.
 45209 | Crypt:3  | Identified the +1 robe of the Eight Nights {rF+ Str+2 Int+3
                  | Stlth+} (Okawaru gifted it to you on level 3 of the Crypt)
 45209 | Crypt:3  | Received a gift from Okawaru
 45255 | Crypt:3  | Identified the +7 morningstar "Gatuil" {venom, rElec rF+
                  | rCorr}
 45275 | Crypt:3  | Found an ancient bone altar of Kikubaaqudgha.
 45281 | Crypt:3  | Found a basalt altar of Yredelemnul.
 45296 | Crypt:3  | Identified the +0 robe of Paranoia {Contam +Inv rElec
                  | rPois}
 45492 | Crypt:3  | Reached skill level 23 in Invocations
 45750 | Depths:1 | Entered Level 1 of the Depths
 45789 | Depths:1 | Found a bloodstained altar of Trog.
 45827 | Depths:1 | Reached XP level 25. HP: 182/218 MP: 27/38
 45958 | Depths:1 | Found a gateway to Hell.
 46596 | Depths:1 | Found a runed translucent door.
 46972 | Depths:2 | Identified the +8 battleaxe of War {drain, rPois rF- Dex+2}
                  | (Okawaru gifted it to you on level 2 of the Depths)
 46972 | Depths:2 | Received a gift from Okawaru
 47011 | Depths:2 | Identified the ring of the Oligarchy {Int+2 Dex+6 Slay+4}
 47205 | Depths:2 | Identified the amulet "Foqoiffas" {Acrobat rF+}
 47253 | Depths:2 | Identified the amulet of Acvufeel {Acrobat rCorr Dex+4
                  | Slay+5}
 47263 | Depths:2 | Identified the ring of Kiag {MP+9 Str+6}
 47328 | Depths:2 | Found a one-way gateway to a ziggurat.
 47390 | Depths:2 | Found an ornate altar of the Wu Jian Council.
 47517 | Depths:2 | Found a one-way gate leading to the halls of Pandemonium.
 47848 | Depths:3 | Received a gift from Okawaru
 48004 | Depths:3 | Noticed Sojobo
 48010 | Depths:3 | Killed Sojobo
 48893 | Vaults:2 | You paid a toll of a +6 demon trident to enter a treasure
                  | trove
 48894 | Trove    | Entered a treasure trove
 48923 | Trove    | Identified the staff of poison "Yphakhleth" {rElec rPois
                  | Will+++ SInv}
 48974 | Vaults:2 | Upgraded the game from 0.30-a0-924-g0ad0bf95bc to
                  | 0.30-a0-930-gb9d0489357
 49205 | Depths:3 | Learned a level 4 spell: Passage of Golubria
 49209 | Depths:3 | Learned a level 3 spell: Portal Projectile
 49216 | Depths:3 | Learned a level 6 spell: Dispersal
 49220 | Depths:3 | Learned a level 3 spell: Gell's Gravitas
 49289 | Depths:3 | Found the +5 glaive of the Guard {elec, spectral, AC+5}
 49426 | Depths:3 | Received a gift from Okawaru
 49474 | Depths:3 | Found a shimmering blue altar of Sif Muna.
 49561 | Depths:3 | Noticed Parghit
 49591 | Depths:3 | Killed Parghit
 49658 | Depths:4 | Entered Level 4 of the Depths
 49701 | Depths:4 | Received a gift from Okawaru
 49814 | Depths:4 | Identified the +15 shadow dragon scales of Meghino {rPois
                  | Regen+ Str-2 Stlth++++}
 49819 | Depths:4 | Reached XP level 26. HP: 228/228 MP: 36/38
 50015 | Depths:4 | Received a gift from Okawaru
 50114 | Depths:4 | Found a gate to the Realm of Zot.
 50238 | Depths:4 | Found Pnoafeo's Practical Paraphernalia.
 50353 | Depths:4 | Found Awonur's Antique Weapon Boutique.
 50656 | Hell     | Entered the Vestibule of Hell
 50657 | Hell     | Noticed Geryon
 50664 | Hell     | Identified the +1 helmet of Recklessness {Str+9 Stlth-}
                  | (Okawaru gifted it to you in the Vestibule of Hell)
 50664 | Hell     | Received a gift from Okawaru
 50670 | Hell     | Killed Geryon
 50672 | Hell     | Reached skill level 24 in Invocations
 50675 | Hell     | Reached skill level 10 in Polearms
 51280 | Hell     | Found a gateway to the freezing wastes of Cocytus.
 51307 | Abyss:3  | Cast into level 3 of the Abyss (red devil)
 51331 | Abyss:3  | Found a corrupted altar of Lugonu.
 51336 | Abyss:3  | Found a corrupted altar of Lugonu.
 51361 | Abyss:3  | Found a corrupted altar of Lugonu.
 51361 | Abyss:3  | Found a corrupted altar of Lugonu.
 51361 | Abyss:3  | Found a corrupted altar of Lugonu.
 51455 | Abyss:3  | Found a corrupted altar of Lugonu.
 51760 | Abyss:3  | Received a gift from Okawaru
 51778 | Abyss:3  | Got an abyssal rune of Zot
 51825 | Abyss:3  | Received a gift from Okawaru
 51848 | Hell     | Escaped the Abyss
 51909 | Hell     | Found a gateway to the ashen valley of Gehenna.
 52009 | Hell     | Found a gateway to the decaying netherworld of Tartarus.
 52126 | Hell     | Found a gateway to the Iron City of Dis.
 52133 | Hell     | Received a gift from Okawaru
 52136 | Hell     | Reached skill level 15 in Throwing
 52349 | Zot:1    | Entered Level 1 of the Realm of Zot
 52380 | Zot:1    | Received a gift from Okawaru
 52480 | Zot:1    | Identified the +3 chain mail of the Jackalope {*Slow Regen+
                  | rCorr}
 52495 | Zot:1    | Reached XP level 27. HP: 237/237 MP: 39/39
 52871 | Zot:2    | Received a gift from Okawaru
 53095 | Zot:2    | Identified the +4 kite shield of Follow the Leader {Will+}
                  | (Okawaru gifted it to you on level 2 of the Realm of Zot)
 53095 | Zot:2    | Received a gift from Okawaru
 53559 | Zot:2    | Reached skill level 15 in Translocations
 54186 | Zot:3    | Reached skill level 25 in Invocations
 54480 | Zot:3    | Received a gift from Okawaru
 55752 | Zot:4    | Received a gift from Okawaru
 55908 | Zot:5    | Entered Level 5 of the Realm of Zot
 56048 | Zot:5    | Received a gift from Okawaru
 56595 | Zot:5    | Identified the +2 hat of the Morning {Str+3} (Okawaru
                  | gifted it to you on level 5 of the Realm of Zot)
 56595 | Zot:5    | Received a gift from Okawaru
 56795 | Zot:5    | Noticed an orb of fire
 56796 | Zot:5    | Killed an orb of fire
 56830 | Zot:5    | Noticed a dread lich
 56834 | Zot:5    | Killed a dread lich
 56856 | Zot:5    | Noticed an orb of fire
 56867 | Zot:5    | Gained mutation: You are very frail. (-20% HP) [an orb of
                  | fire]
 56872 | Zot:5    | Killed an orb of fire
 56891 | Zot:5    | Noticed an orb of fire
 56891 | Zot:5    | Lost mutation: You are very frail. (-20% HP) [an orb of
                  | fire]
 56893 | Zot:5    | Gained mutation: You occasionally lose the ability to drink
                  | potions when taking damage. [an orb of fire]
 56895 | Zot:5    | Killed an orb of fire
 56899 | Zot:5    | Lost mutation: You occasionally lose the ability to drink
                  | potions when taking damage. [potion of mutation]
 56899 | Zot:5    | Lost mutation: You are frail. (-10% HP) [potion of
                  | mutation]
 56899 | Zot:5    | Gained mutation: You are somewhat resistant to further
                  | mutation. [potion of mutation]
 56899 | Zot:5    | Gained mutation: Your spells are a little easier to cast,
                  | but a little less powerful. [potion of mutation]
 56899 | Zot:5    | Gained mutation: You expend magic power (3 MP) to
                  | strengthen your wands. [potion of mutation]
 57031 | Zot:5    | Reached skill level 26 in Invocations
 57073 | Zot:5    | Received a gift from Okawaru
 57096 | Zot:5    | Received a gift from Okawaru
 57690 | Lair:5   | Found a staircase to the Slime Pits.
 57706 | Slime:1  | Entered Level 1 of the Pits of Slime
 57803 | Slime:4  | Received a gift from Okawaru
 57808 | Slime:4  | Paralysed by a floating eye for 2 turns
 57817 | Slime:5  | Entered Level 5 of the Pits of Slime
 57821 | Slime:5  | Noticed Dissolution
 57824 | Slime:5  | Killed Dissolution
 57830 | Slime:5  | Received a gift from Okawaru
 58361 | Slime:5  | Noticed the Royal Jelly
 58372 | Arena    | Entered the Arena
 58373 | Arena    | Killed the Royal Jelly
 58374 | Arena    | Reached skill level 27 in Invocations
 58422 | Slime:5  | Found the +4 moon troll leather armour {Spirit, Regen++
                  | MP+5}
 58438 | Slime:5  | Got a slimy rune of Zot
 58444 | Slime:5  | Identified the ring of Hospitality {Fly rPois rF+ Will+}
 58470 | Slime:5  | Got the Quarto of the Snowflakes and the Compass
 58471 | Slime:5  | Identified the +0 rapier "Killer Klown's Doom" {venom,
                  | rPois Int+3 Dex+4 SInv}
 58478 | Slime:5  | Identified the +5 dagger of Terra Cotta {freeze, rF+ Str+3}
 58492 | Slime:5  | Acquired a manual of Throwing
 58927 | Vaults:5 | Entered Level 5 of the Vaults
 58927 | Vaults:5 | Noticed a dread lich
 58937 | Vaults:5 | Found Kurakour's Armour Emporium.
 58939 | Vaults:5 | Received a gift from Okawaru
 58946 | Vaults:5 | Noticed a dread lich
 58954 | Vaults:5 | Killed a dread lich
 59020 | Vaults:5 | Reached skill level 15 in Polearms
 59045 | Vaults:5 | Received a gift from Okawaru
 59167 | Vaults:5 | Received a gift from Okawaru
 59211 | Vaults:5 | Killed a dread lich
 59219 | Vaults:5 | Received a gift from Okawaru
 59282 | Vaults:5 | Got a silver rune of Zot
 59369 | Vaults:5 | Identified the +8 falchion "Nemey" {spect, rElec Dex+6}
 59511 | Vaults:5 | Reached skill level 10 in Evocations
 59575 | Vaults:5 | Received a gift from Okawaru
 59685 | Vaults:5 | Identified the +3 flail "Osubuema" {protect, Int+7 Stlth-}
 59689 | Vaults:5 | Reached skill level 10 in Dodging
 59741 | Vaults:5 | Identified the +9 shortbow "Ynlec" {antimagic, Drain rPois
                  | rF++ Int+4}
 60088 | Vaults:5 | Upgraded the game from 0.30-a0-930-gb9d0489357 to
                  | 0.30-a0-937-ga0a21ad780
 60398 | Zot:5    | Got the Orb of Zot
 60512 | Depths:1 | Received a gift from Okawaru
 60586 | D:14     | Noticed a seraph
 60846 | D:$      | Escaped with the Orb!

Illustrated notes

Levels and vault maps discovered:
D:1:      minmay_arrival_wavy_path, layout_loops_ring, serial_shops, shop,
          nicolae_wormholes
D:2:      layout_basic
D:3:      layout_rooms, kennysheep_orc_chapel, uniq_robin
D:4:      layout_cave_pods, okawaru_trees_1, lightli_minifort, uniq_duvessa
D:5:      layout_basic, portal_sewer_entry_f, serial_shops,
          nicolae_shop_window_shopping, kennysheep_path_1, eino_curves_03,
          st_stairs_6, kennysheep_generic_room_7, uniq_grinder
D:6:      layout_cave_pools, minmay_temple_entry_stoned_glass
D:7:      layout_cave_pods, xom_shifter_show,
          chequers_temple_overflow_statue_of_worship
D:8:      lemuel_ratsnest, layout_basic, gammafunk_ghost_split,
          due_unseen_surprise
D:9:      layout_basic, david_lair_generic, david_orc_1_choice
D:10:     layout_big_octagon, mainiacjoe_overflow_six_doors_small,
          kennysheep_mini_moat, nrook_mini_backslash,
          hangedman_abyss_or_decor_stabs, uniq_harold, uniq_erolcha
D:11:     nicolae_cairo_tiling_large, layout_basic, grunt_ministairs_2
D:12:     layout_roguey, serial_undead, serial_undead_e, serial_undead_e,
          serial_undead_a, serial_undead_a, serial_undead_f, uniq_sonja,
          uniq_nergalle, uniq_josephine
D:13:     layout_basic
D:14:     layout_cave_pools, david_vaults_2, minmay_holes
D:15:     grunt_enter_depths_magical_seal, layout_basic, nicolae_titane
Lair:1:   layout_loops_ring, gauntlet_entry_generic, grunt_megastairs_2,
          serial_bayou_shore_a, lemuel_fruit_fields
Lair:2:   layout_misc_corridors, elwin_shoals_entry_rooms,
          nicolae_snake_entry_warm_welcome, lemuel_fruit_tree
Lair:3:   layout_roguey, ebering_ghost_reflecting_pool
Lair:4:   layout_regular_city, beast_lair_carwin_7, infiniplex_staircase_pool_2,
          grunt_megastairs_3
Lair:5:   grunt_lair_end_beastmaster, layout_cave_shapes,
          minmay_slime_entry_oklob_enclosed, tgw_fedhas
Shoals:1: layout_shoals, nicolae_shoals_lost_giant_amphitheater,
          nicolae_shoals_beach_cooler, uniq_frances
Shoals:2: layout_shoals, nicolae_shop_gadgets, uniq_kirke
Shoals:3: layout_shoals
Shoals:4: shoals_end_simple, layout_shoals, abandoned_shop
Snake:1:  layout_misc_corridors, ebering_ghost_inner_flame, grunt_ministairs_7,
          nicolae_shop_i_like_big_books
Snake:2:  layout_rooms, fake_guardian_serpent_vault
Snake:3:  gammafunk_its_a_trap, layout_onion_interference,
          nicolae_wooded_promenade, uniq_aizul
Snake:4:  hellmonk_snake_rune_quicksilver_temple, layout_cave_pods,
          special_room, uniq_mlioglotl, uniq_louise
Slime:1:  layout_caves, nicolae_slime_getting_an_eyeful
Slime:2:  layout_caves, basic_altar
Slime:3:  layout_caves, nicolae_slime_phagocytosis
Slime:4:  layout_caves
Slime:5:  uniq_dissolution
Orc:1:    layout_diamond_mine, biasface_ghost_orc_armoury, lightli_orcish_oven
Orc:2:    st_orc_town, layout_caves, portal_ice_cave_entry_pillars_1,
          basic_altar, uniq_saint_roka
Elf:1:    minmay_elf_arrival_circle, layout_gridlike, serial_shops, shop,
          shop_fountains, nicolae_square_shop, minmay_elf_sorcery
Elf:2:    nicolae_elf_blades_crystal_corner, layout_rooms, uniq_jorgrun
Elf:3:    nooodl_elf_gasket, layout_loops_ring, serial_shops,
          nicolae_shop_trees, hangedman_elf_power_crystal
Vaults:1: portal_desolation_entry_nicolae_slug,
          vaults_mumra_minichess_inversion, gammafunk_sealed_arena,
          vaults_dpeg_spiral, nicolae_vaults_little_squares_2,
          ontoclasm_vaults_decontamination, v_misc_17,
          nicolae_vaults_twisting_passages, ontoclasm_vaults_shuriken,
          v_pattern_5, layout_vaults_omnigrid
Vaults:2: vaults_mumra_chevron, ontoclasm_vaults_eye, grunt_vaults_funnel,
          minmay_crypt_entry_necro_gods, vaults_room_pool,
          hangedman_vaults_capsules, vaults_mumra_minichess,
          nicolae_vaults_c_with_doors, grunt_vaults_hallway_long, v_rooms_6,
          vaults_mumra_hex, v_alt_pattern_3, nicolae_vaults_shelves_hall,
          layout_vaults_maze_bifur, enter_trove_5, uniq_margery, uniq_frederick,
          uniq_xtahua
Vaults:3: mu_enter_wizlab_1, grunt_vaults_bifocal, ontoclasm_vaults_tryst,
          nicolae_vaults_border_crossing, hangedman_vaults_slice,
          st_quartered_hall, grunt_vaults_hallway_long,
          nicolae_vaults_network_quinsquares
          [nicolae_vaults_network_quincunx_subvault,
          nicolae_vaults_network_quincunx_subvault,
          nicolae_vaults_network_quincunx_subvault,
          nicolae_vaults_network_quincunx_subvault], vaults_room_fancy_cross,
          hangedman_vaults_stretched_pinwheel, vaults_room_semicircle,
          vaults_room_stairs_pillars, layout_vaults_omnibox, serial_shops,
          shop_coins, uniq_jory, uniq_asterion
Vaults:4: nicolae_vaults_network_s, v_misc_28, v_misc_2,
          nicolae_vaults_network_quincunx
          [nicolae_vaults_network_quincunx_subvault,
          nicolae_vaults_network_quincunx_subvault,
          nicolae_vaults_network_quincunx_subvault,
          nicolae_vaults_network_quincunx_subvault,
          nicolae_vaults_network_quincunx_subvault],
          nicolae_vaults_hallways_thing, v_alt_pattern_2,
          nicolae_vaults_lopsided_apartments, v_alt_pattern_3, v_misc_2,
          nicolae_vaults_specimen_jars, vaults_room_semicircle,
          vaults_room_hallway, vaults_room_semicircle, layout_vaults_omnicross
Vaults:5
Crypt:1:  layout_gridlike, st_chilly_death, grunt_megastairs_1
Crypt:2:  layout_gridlike, special_room [special_room_morgue], uniq_josephina,
          uniq_bai_suzhen
Crypt:3:  lightli_unholy_cathedral, layout_chaotic_city,
          nicolae_tomb_entry_unfolded_pyramid_diagonal, grunt_megastairs_5
Depths:1: layout_roguey, trog_three_pillars_becter, grunt_mini_vestibule,
          chequers_serial_rivers_large_a, st_stairs_6, glass_columns_a,
          hangedman_decor_lopped, nicolae_sextant, lightli_giant_bouncers
Depths:2: minmay_the_grid_triangle_9x9_rhombus_thin_mashed
          [minmay_the_grid_triangle_9x9_steps,
          minmay_the_grid_triangle_9x9_prize_special,
          minmay_the_grid_triangle_9x9_skeleton,
          minmay_the_grid_triangle_9x9_thin_v], layout_twisted_cross,
          enter_ziggurat_e, nzn_wu_jian_contemplation, pf_hell_entry_great_geh,
          rand_demon_pan_entry_9, infiniplex_staircase_zigzag_5
Depths:3: minmay_guarded_unrand_guard, layout_cave_pools, pan_entry, hell_entry,
          abyss_entry, nicolae_sif_muna_condensation, uniq_parghit, uniq_sojobo
Depths:4: evilmike_zot_entry_basic, layout_honeycomb, serial_shops,
          nicolae_shop_overgrown_old_shop, hex_medium, rand_demon_pan_entry_3,
          hell_entry, nicolae_alphabet_shops, beargit_elvish_explorers
Hell
Zot:1:    layout_onion_interference, zot_minivault_4
Zot:2:    layout_cathedral_of_symmetry
Zot:3:    layout_cathedral_of_symmetry
Zot:4:    layout_misc_corridors
Zot:5:    layout_basic

Skill      XL: |  1  2  3  4  5  6  7  8  9 10 11 12 13 14 15 16 17 18 19 20 21 22 23 24 25 26 27 |
---------------+----------------------------------------------------------------------------------+-----
Axes           | 5 6 7 8 10 12 14 16 17 18 20 21 22 23 24 25 26 | 26.0
Fighting       | 3 5 7 9 11 13 15 17 18 19 20 21 22 23 24 26 | 26.5
Invocations    | 3 6 8 10 11 13 14 15 17 18 19 20 21 22 23 24 27 | 27.0
Dodging        | 2 4 6 7 8 9 10 | 10.1
Armour         | 2 4 6 8 9 10 12 13 14 15 16 18 19 20 21 22 23 24 | 24.7
Throwing       | 1 4 6 7 8 9 10 11 12 13 14 15 16 | 16.5
Evocations     | 4 7 8 10 | 10.7
Translocations | 3 6 8 10 11 13 14 17 | 17.9
Polearms       | 2 5 7 9 11 15 | 15.6
Spellcasting   | 2 4 |  4.1
Conjurations   | |  3.0

Action                     |  1- 3 |  4- 6 |  7- 9 | 10-12 | 13-15 | 16-18 | 19-21 | 22-24 | 25-27 || total
---------------------------+-------+-------+-------+-------+-------+-------+-------+-------+-------++-------
  Melee: Hand axe          |   107 |       |       |       |       |       |       |       |       ||   107
         Whip              |       |   151 |    40 |       |       |       |       |       |       ||   191
         Punch             |       |     1 |     5 |     2 |     1 |       |       |       |     4 ||    13
         War axe           |       |       |   421 |   194 |       |       |       |       |       ||   615
         Battleaxe         |       |       |       |   175 |       |       |       |       |       ||   175
         Executioner's axe |       |       |       |   195 |   926 |   975 |   789 |  1050 |  1744 ||  5679
         Broad axe         |       |       |       |       |     4 |       |       |       |       ||     4
         Great mace        |       |       |       |       |    28 |       |     8 |       |       ||    36
         Lance             |       |       |       |       |       |       |       |    18 |   533 ||   551
   Fire: Shortbow          |       |       |     2 |       |       |       |       |       |       ||     2
  Throw: Boomerang         |       |    12 |    33 |    14 |    10 |    63 |    39 |    27 |    25 ||   223
         Throwing net      |       |       |       |     2 |     1 |       |       |       |       ||     3
         Javelin           |       |       |       |     1 |       |     4 |       |    14 |       ||    19
         Dart              |       |       |       |     1 |       |       |       |       |       ||     1
         Stone             |       |       |       |     1 |       |       |       |       |       ||     1
   Cast: Momentum Strike   |     5 |    14 |    22 |    20 |       |       |       |       |       ||    61
         Kiss of Death     |     1 |     3 |     4 |     3 |       |       |       |       |       ||    11
         Manifold Assault  |       |       |       |       |       |       |       |   158 |   535 ||   693
         Passage of Golubr |       |       |       |       |       |       |       |       |     4 ||     4
         Lesser Beckoning  |       |       |       |       |       |       |       |       |     9 ||     9
         Blink             |       |       |       |       |       |       |       |       |     3 ||     3
         Dispersal         |       |       |       |       |       |       |       |       |     4 ||     4
 Invoke: Heroism           |       |       |       |     8 |     4 |     6 |     7 |     6 |     8 ||    39
         Finesse           |       |       |       |     3 |     2 |     4 |     5 |     1 |     9 ||    24
         Duel              |       |       |       |       |       |     1 |       |     1 |     1 ||     3
  Evoke: Wand              |       |       |     3 |     2 |     2 |     1 |       |       |     1 ||     9
    Use: Scroll            |       |     5 |     7 |    14 |     9 |    12 |     9 |     3 |    16 ||    75
         Potion            |       |     1 |     2 |     2 |     1 |     6 |     1 |     1 |     8 ||    22
   Stab: Distracted        |       |       |       |     1 |       |       |       |       |     1 ||     2
         Held in net/web   |       |       |       |     3 |       |       |       |       |       ||     3
         Petrifying        |       |       |       |     2 |     1 |       |       |       |       ||     3
         Petrified         |       |       |       |     1 |     8 |       |       |       |       ||     9
 Armour: Leather armour    |    21 |    32 |       |       |       |       |       |       |       ||    53
         Ring mail         |       |       |   189 |   276 |   571 |       |       |       |       ||  1036
         Chain mail        |       |       |       |       |    90 |    25 |       |       |       ||   115
         Crystal plate arm |       |       |       |       |       |   949 |   790 |   774 |   154 ||  2667
         Gold dragon scale |       |       |       |       |       |       |       |       |    10 ||    10
         Shadow dragon sca |       |       |       |       |       |       |       |       |   645 ||   645
  Dodge: Dodged            |    50 |    93 |   248 |   333 |   435 |   366 |   284 |   389 |   732 ||  2930

Table legend: (Time is in decaauts)
 A = Elapsed time spent in this place.
 B = Non-inter-level travel time spent in this place.
 C = Inter-level travel time spent in this place.
 D = Time resting spent in this place.
 E = Time spent auto-exploring this place.
 F = Levels seen in this place.
 G = Mean time per level.
                   A        B        C        D        E       F      G
               +--------+--------+--------+--------+--------+-----+--------+
         Total |  60622 |  52700 |   7922 |   3543 |  29388 |  69 |  878.6 |
       Dungeon |  17238 |  14566 |   2672 |   1768 |   8360 |  15 | 1149.2 |
          Lair |   5605 |   4638 |    967 |     33 |   3070 |   5 | 1121.0 |
        Shoals |   3481 |   3191 |    290 |    195 |   1279 |   4 |  870.2 |
     Snake Pit |   3714 |   3340 |    374 |    376 |   1632 |   4 |  928.5 |
    Slime Pits |    874 |    804 |     70 |     91 |    212 |   5 |  174.8 |
  Orcish Mines |   1914 |   1525 |    389 |      0 |    904 |   2 |  957.0 |
   Elven Halls |   3179 |   2904 |    275 |    135 |   1804 |   3 | 1059.7 |
        Vaults |   8122 |   6805 |   1317 |    171 |   4553 |   5 | 1624.4 |
         Crypt |   3166 |   2950 |    216 |      2 |   1852 |   3 | 1055.3 |
        Depths |   4660 |   3801 |    859 |     82 |   2493 |   4 | 1165.0 |
          Hell |    548 |    526 |     22 |      0 |    305 |   1 |  548.0 |
           Zot |   4731 |   4263 |    468 |    209 |   2446 |   5 |  946.2 |
         Abyss |   1387 |   1387 |      0 |     96 |    162 |   5 |  277.4 |
         Trove |     77 |     77 |      0 |      0 |      0 |   1 |   77.0 |
         Sewer |    135 |    135 |      0 |      0 |     44 |   1 |  135.0 |
      Ice Cave |    594 |    594 |      0 |      0 |    225 |   1 |  594.0 |
        Wizlab |    492 |    492 |      0 |     78 |      0 |   1 |  492.0 |
      Gauntlet |    645 |    645 |      0 |    286 |     42 |   1 |  645.0 |
         Arena |     51 |     51 |      0 |     16 |      0 |   3 |   17.0 |
               +--------+--------+--------+--------+--------+-----+--------+

Top non-repeatable levels by time:
Vaults:2: 2213 daAuts
     D:8: 1924 daAuts
     D:9: 1791 daAuts
 Snake:4: 1655 daAuts
Vaults:1: 1617 daAuts
Vaults:3: 1581 daAuts
Vaults:4: 1560 daAuts
   Elf:3: 1452 daAuts
Depths:1: 1413 daAuts
    D:15: 1404 daAuts
     D:4: 1384 daAuts
  Lair:5: 1361 daAuts
     D:1: 1339 daAuts
   Zot:2: 1321 daAuts
 Crypt:1: 1266 daAuts
